AoeStats
← imenek2

Black Forest

508243389Analyzed
4v4 RM · 12d ago on Sep 21, 2026· 48m 17s· 8 players
Game mode
Random Map
Map size
Large (8 player)
Population
200
Speed
Normal
Resources
Standard
Victory
Conquest
Starting age
Dark Age
Ending age
Imperial Age
RankedLock teamsTeams togetherTeam positionsShared explorationLock speedFull tech treeHidden civsTurbo modeCheats
Victory
Defeat
🇨🇴 Japanese · Colombia
1349
+15
🇹🇷 Magyars · Türkiye
1334
+30
🇩🇪 Tatars · Germany
1326
+16
🇪🇸 Teutons · Spain
1241
+20
🇹🇼 Lithuanians · Taiwan
1396
-19
🇭🇰 Britons · Hong Kong SAR China
1330
-17
🇨🇳 Persians · China
1300
-16
🇲🇾 Bohemians · Malaysia
1289
-15
M*rpheu$
10:55 Feudal Age
15:35 Castle Age
13:25 Double-Bit Axe
13:45 Horse Collar
19:47 Bow Saw
19:41 Heavy Plow
21:46 Wheelbarrow
23:17 Town Watch
27:16 Gold Mining
27:22 Fletching
27:32 Padded Archer Armor
27:56 Ballistics
30:08 Imperial Age
29:24 Leather Archer Armor
29:05 Bodkin Arrow
30:02 Caravan
30:06 Stone Mining
30:52 Gold Shaft Mining
30:40 Town Patrol
30:27 Loom
30:57 Hand Cart
31:09 Bloodlines
30:59 Husbandry
31:18 Heavy Cavalry Archer
33:49 Chemistry
33:36 Bracer
34:19 Ring Archer Armor
34:57 Conscription
38:37 Silk Armor
39:33 Guilds
39:57 Coinage
39:54 Siege Engineers
40:12 Timurid Siegecraft
43:35 Fortified Wall
Sebasky
2:48 Loom
12:04 Feudal Age
13:11 Double-Bit Axe
16:06 Castle Age
17:01 Bow Saw
22:47 Fishing Lines
23:44 Fervor
24:41 Wheelbarrow
26:29 Treadmill Crane
26:59 Masonry
27:10 Ballistics
27:41 Hand Cart
27:20 Gillnets
28:08 Stone Mining
28:10 Gold Mining
28:47 Town Watch
31:40 Imperial Age
29:35 Guard Tower
29:36 Fletching
30:12 Bodkin Arrow
31:42 Gold Shaft Mining
31:12 Town Patrol
31:15 Scale Mail Armor
31:26 Forging
32:31 Bracer
32:18 Arrowslits
33:08 Keep
33:33 Chemistry
34:37 Chain Mail Armor
35:00 Iron Casting
34:26 Yasama
33:51 Elite Samurai
34:52 Kataparuto
34:53 Conscription
35:37 Hoardings
35:10 Siege Engineers
34:29 Pikeman
35:09 Squires
34:54 Arson
35:57 Plate Mail Armor
36:52 Two-Man Saw
36:11 Fortified Wall
36:16 Halberdier
39:03 Blast Furnace
38:41 Caravan
39:12 Coinage
46:38 Banking
imenek2
0:43 Loom
9:39 Feudal Age
11:22 Man-at-Arms
13:13 Double-Bit Axe
19:10 Wheelbarrow
18:45 Fletching
18:56 Padded Archer Armor
18:59 Horse Collar
26:56 Castle Age
25:45 Scale Barding Armor
25:56 Bloodlines
26:29 Gold Mining
27:02 Light Cavalry
27:39 Bodkin Arrow
27:37 Crossbowman
27:44 Crossbowman
28:29 Thumb Ring
28:37 Bodkin Arrow
32:59 Hand Cart
32:45 Heavy Plow
32:59 Bow Saw
38:34 Stone Mining
39:20 Gold Shaft Mining
38:47 Caravan
39:33 Leather Archer Armor
40:25 Husbandry
41:33 Thumb Ring
45:37 Imperial Age
43:07 Town Watch
44:20 Ballistics
43:48 Treadmill Crane
44:29 Ballistics
44:53 Chain Barding Armor
44:48 Heavy Plow
45:17 Corvinian Army
46:28 Bracer
47:24 Ring Archer Armor
46:21 Heavy Cavalry Archer
49:18 Chemistry
49:12 Ring Archer Armor
49:02 Chain Barding Armor
49:11 Conscription
Mesq6000
1:19 Loom
13:28 Feudal Age
15:24 Wheelbarrow
20:01 Castle Age
18:12 Double-Bit Axe
19:05 Horse Collar
19:18 Stone Mining
19:26 Gold Mining
21:59 Stone Shaft Mining
23:14 Hand Cart
31:13 Imperial Age
29:23 Scale Barding Armor
30:06 Bloodlines
30:09 Forging
30:51 Chain Barding Armor
32:00 Iron Casting
31:21 Cavalier
32:40 Plate Barding Armor
33:24 Chemistry
32:46 Ballistics
34:01 Siege Engineers
35:13 Pikeman
36:56 Scale Mail Armor
37:57 Blast Furnace
37:07 Halberdier
38:46 Squires
38:33 Arson
38:33 Gambesons
39:16 Scale Mail Armor
40:17 Blast Furnace
40:18 Chain Mail Armor
40:02 Paladin
TwBestShaco
10:59 Feudal Age
11:33 Double-Bit Axe
14:26 Castle Age
13:16 Horse Collar
15:22 Bow Saw
17:08 Heavy Plow
22:15 Wheelbarrow
23:24 Gold Mining
24:56 Hand Cart
30:47 Imperial Age
28:24 Scale Barding Armor
28:29 Forging
30:12 Bloodlines
30:41 Iron Casting
30:26 Chain Barding Armor
30:39 Husbandry
31:06 Stone Mining
31:04 Cavalier
32:49 Chemistry
33:20 Plate Barding Armor
32:32 Town Watch
32:33 Loom
33:25 Stone Shaft Mining
33:22 Crop Rotation
33:54 Two-Man Saw
33:07 Guilds
32:37 Paladin
33:50 Coinage
36:39 Fletching
37:30 Banking
37:42 Bombard Tower
37:42 Ballistics
37:03 Treadmill Crane
37:20 Bodkin Arrow
37:49 Conscription
39:58 Masonry
39:44 Murder Holes
39:50 Bracer
39:55 Caravan
42:08 Light Cavalry
42:47 Winged Hussar
45:46 Padded Archer Armor
_SKY_菜刀
0:53 Loom
14:33 Feudal Age
19:26 Castle Age
17:31 Double-Bit Axe
17:54 Horse Collar
22:28 Bow Saw
22:26 Fishing Lines
29:07 Imperial Age
28:39 Scale Mail Armor
28:50 Forging
30:05 Wheelbarrow
29:48 Chain Mail Armor
29:35 Pikeman
32:15 Two-Man Saw
32:25 Chemistry
31:06 Treadmill Crane
31:41 Halberdier
32:34 Heavy Plow
34:41 Squires
43:43 Plate Mail Armor
43:49 Iron Casting
43:30 Fervor
43:41 Sanctity
43:18 Herbal Medicine
44:36 Houfnice
48:24 Blast Furnace
47:16 Fletching
47:27 Padded Archer Armor
47:50 Conscription
47:37 Wagenburg Tactics
一梦千年
3:16 Loom
11:50 Feudal Age
16:28 Castle Age
14:23 Double-Bit Axe
14:34 Horse Collar
17:27 Bow Saw
23:24 Wheelbarrow
24:15 Heavy Plow
27:39 Scale Barding Armor
27:46 Forging
30:33 Gold Mining
31:20 Iron Casting
31:05 Chain Barding Armor
33:26 Imperial Age
30:42 Town Watch
31:11 Husbandry
31:22 Bloodlines
33:34 Gold Shaft Mining
32:49 Stone Mining
34:00 Hand Cart
33:46 Town Patrol
34:36 Plate Barding Armor
35:01 Blast Furnace
34:39 Conscription
35:47 Chemistry
34:43 Murder Holes
34:12 Cavalier
35:38 Savar
38:10 Elite War Elephant
39:59 Light Cavalry
41:09 Padded Archer Armor
42:27 Fletching
42:53 Leather Archer Armor
42:56 Crossbowman
43:42 Thumb Ring
43:00 Hussar
44:08 Bodkin Arrow
44:43 Ring Archer Armor
44:40 Ballistics
慌狂的鼹鼠
1:42 Loom
5:30 Loom
11:42 Feudal Age
12:26 Double-Bit Axe
21:08 Castle Age
24:25 Fletching
27:09 Elite Skirmisher
27:54 Bodkin Arrow
33:48 Horse Collar
36:46 Bow Saw
37:50 Wheelbarrow
39:05 Ballistics
Connection lost

Rejoining the realm…

Still unreachable

The connection could not be restored.

Session expired

The server has moved on; the page needs a fresh start.